AoeStats
← pablonahuels_

Arena

509790989Analyzed
4v4 RM · 5d ago on Sep 28, 2026· 114m 3s· 8 players
Game mode
Random Map
Map size
Large (8 player)
Population
200
Speed
Normal
Resources
Standard
Victory
Conquest
Starting age
Dark Age
Ending age
Imperial Age
RankedLock teamsTeams togetherTeam positionsShared explorationLock speedFull tech treeHidden civsTurbo modeCheats
Victory
Defeat
🇨🇴 Vietnamese · Colombia
723
+13
🇨🇴 Saracens · Colombia
717
+28
🇨🇴 Franks · Colombia
697
+15
🇨🇴 Spanish · Colombia
667
+33
🇦🇷 Spanish · Argentina
692
-14
🇦🇷 Turks · Argentina
676
-15
🇦🇷 Teutons · Argentina
651
-14
🇦🇷 Persians · Argentina
614
-12
Jota129
11:33 Feudal Age
14:31 Loom
15:04 Town Watch
17:34 Castle Age
18:05 Fletching
18:21 Double-Bit Axe
18:19 Horse Collar
22:55 Crossbowman
24:16 Bodkin Arrow
24:24 Padded Archer Armor
24:48 Elite Skirmisher
26:37 Arson
26:52 Squires
28:27 Bow Saw
29:10 Leather Archer Armor
33:18 Thumb Ring
33:54 Heavy Plow
33:59 Scale Mail Armor
34:10 Forging
35:52 Wheelbarrow
35:18 Town Patrol
40:31 Imperial Age
39:41 Ballistics
39:53 Chain Mail Armor
41:53 Elite Rattan Archer
45:03 Paper Money
45:06 Bracer
45:45 Ring Archer Armor
45:46 Plate Mail Armor
45:52 Iron Casting
45:23 Imperial Skirmisher
47:35 Chemistry
50:22 Two-Man Saw
54:48 Murder Holes
58:37 Chatras
65:29 Hoardings
65:10 Masonry
65:08 Siege Engineers
65:14 Fortified Wall
64:58 Heated Shot
67:52 Elite Fire Lancer
Salado
11:08 Feudal Age
12:55 Wheelbarrow
15:32 Castle Age
14:47 Double-Bit Axe
21:39 Scale Barding Armor
21:45 Forging
24:07 Hand Cart
29:52 Imperial Age
27:33 Husbandry
29:22 Gold Mining
29:46 Bow Saw
30:24 Loom
30:15 Cavalier
31:39 Gold Shaft Mining
32:14 Caravan
32:49 Chain Barding Armor
32:59 Paladin
34:51 Iron Casting
35:14 Ordonnance Companies
37:07 Plate Barding Armor
37:33 Blast Furnace
36:35 Capped Ram
38:22 Siege Engineers
40:47 Fletching
42:03 Chemistry
41:30 Ballistics
41:21 Masonry
68:43 Bodkin Arrow
68:49 Padded Archer Armor
68:49 Scale Mail Armor
69:21 Architecture
69:04 Fortified Wall
68:50 Murder Holes
71:27 Guard Tower
78:32 Heavy Scorpion
80:26 Treadmill Crane
86:29 Chivalry
Joslep
11:18 Loom
13:28 Feudal Age
15:09 Fletching
15:20 Padded Archer Armor
15:19 Fletching
15:35 Scale Barding Armor
16:55 Horse Collar
17:12 Double-Bit Axe
18:34 Gold Mining
20:08 Wheelbarrow
20:47 Stone Mining
25:18 Castle Age
23:47 Padded Archer Armor
26:39 Husbandry
27:13 Bodkin Arrow
27:40 Chain Barding Armor
27:31 Forging
33:02 Iron Casting
32:44 Leather Archer Armor
36:19 Heavy Plow
36:34 Bow Saw
42:15 Imperial Age
42:21 Cavalier
43:53 Plate Barding Armor
44:19 Blast Furnace
44:42 Conscription
46:48 Paladin
48:32 Bracer
51:56 Ring Archer Armor
51:54 Ballistics
52:35 Chemistry
56:09 Elite Conquistador
67:33 Two-Man Saw
66:56 Hand Cart
68:06 Bombard Tower
75:25 Masonry
75:07 Guard Tower
75:03 Arrowslits
75:15 Murder Holes
78:25 Keep
78:03 Fortified Wall
78:24 Architecture
Cronos6254695
10:44 Feudal Age
11:24 Loom
17:18 Castle Age
19:42 Scale Barding Armor
19:49 Forging
29:04 Elite Skirmisher
31:07 Wheelbarrow
30:37 Padded Archer Armor
30:27 Fletching
32:54 Bodkin Arrow
33:15 Leather Archer Armor
33:22 Horse Collar
34:07 Double-Bit Axe
35:26 Ballistics
43:12 Imperial Age
46:55 Imperial Skirmisher
48:54 Bracer
52:16 Ring Archer Armor
60:17 Chemistry
60:00 Caravan
62:53 Bow Saw
65:46 Hand Cart
66:14 Heavy Camel Rider
69:16 Iron Casting
69:01 Chain Barding Armor
70:28 Siege Engineers
70:30 Heavy Plow
73:00 Blast Furnace
74:17 Bloodlines
74:46 Plate Barding Armor
76:40 Town Watch
80:56 Coinage
80:43 Town Patrol
106:55 Two-Man Saw
107:33 Light Cavalry
111:03 Hussar
111:44 Husbandry
braianbarrientos97
2:03 Loom
12:38 Feudal Age
12:58 Horse Collar
14:52 Wheelbarrow
14:16 Double-Bit Axe
24:47 Castle Age
23:09 Bloodlines
25:28 Husbandry
25:43 Gold Mining
25:44 Stone Mining
25:59 Squires
25:22 Pikeman
25:49 Gambesons
29:00 Squires
32:02 Kamandaran
36:53 Scale Barding Armor
36:49 Padded Archer Armor
36:39 Fletching
39:36 Guard Tower
41:00 Bow Saw
41:54 Caravan
47:17 Imperial Age
47:06 Heavy Camel Rider
47:27 Cavalier
49:04 Halberdier
54:32 Savar
55:52 Forging
64:44 Hand Cart
65:14 Iron Casting
65:05 Chain Barding Armor
65:03 Leather Archer Armor
64:49 Scale Mail Armor
65:38 Coinage
68:46 Capped Ram
71:25 Siege Ram
74:52 Elite War Elephant
78:25 Chemistry
89:49 Guilds
Tsunami
10:28 Feudal Age
9:32 Loom
16:44 Castle Age
15:03 Double-Bit Axe
15:14 Horse Collar
17:04 Wheelbarrow
17:45 Stone Mining
25:42 Imperial Age
23:18 Fletching
25:50 Gold Mining
27:58 Bow Saw
29:06 Hand Cart
31:19 Heavy Plow
34:38 Gold Shaft Mining
34:03 Bodkin Arrow
34:08 Padded Archer Armor
35:58 Bracer
36:13 Leather Archer Armor
37:04 Artillery
52:28 Ballistics
52:29 Bombard Tower
51:55 Treadmill Crane
65:55 Caravan
81:29 Ring Archer Armor
85:56 Guilds
Narubl
6:58 Loom
9:10 Loom
11:20 Feudal Age
11:59 Horse Collar
12:06 Double-Bit Axe
20:42 Castle Age
18:53 Stone Mining
18:45 Man-at-Arms
20:19 Wheelbarrow
19:53 Gold Mining
22:42 Bow Saw
22:36 Fletching
23:16 Heavy Plow
23:13 Town Watch
23:15 Pikeman
25:35 Stone Shaft Mining
29:18 Forging
30:07 Squires
34:14 Imperial Age
32:17 Gambesons
33:32 Ballistics
33:03 Elite Skirmisher
35:57 Chemistry
34:45 Arrowslits
35:30 Hand Cart
35:24 Caravan
35:29 Scale Mail Armor
35:31 Padded Archer Armor
35:23 Arson
36:29 Elite Conquistador
37:53 Thumb Ring
39:26 Two-Man Saw
38:47 Fortified Wall
39:33 Conscription
39:40 Scale Barding Armor
39:33 Bodkin Arrow
39:40 Halberdier
39:49 Long Swordsman
45:02 Iron Casting
44:42 Chain Mail Armor
44:28 Bracer
47:59 Supremacy
47:27 Two-Handed Swordsman
48:06 Murder Holes
55:31 Masonry
56:07 Bloodlines
55:59 Husbandry
58:01 Cavalier
64:56 Blast Furnace
64:28 Plate Mail Armor
64:14 Leather Archer Armor
64:19 Chain Barding Armor
67:36 Coinage
67:19 Guilds
66:33 Light Cavalry
75:11 Architecture
77:32 Town Patrol
79:16 Ring Archer Armor
85:40 Plate Barding Armor
95:14 Paladin
pablonahuels_
11:24 Feudal Age
9:40 Loom
17:34 Castle Age
16:29 Double-Bit Axe
16:26 Horse Collar
20:38 Heavy Plow
20:31 Gold Mining
20:31 Stone Mining
23:32 Fletching
23:43 Padded Archer Armor
25:00 Wheelbarrow
24:18 Stone Mining
27:24 Leather Archer Armor
30:10 Hand Cart
30:30 Bloodlines
32:10 Scale Mail Armor
32:16 Scale Barding Armor
37:55 Imperial Age
35:41 Town Watch
35:48 Pikeman
35:49 Man-at-Arms
37:37 Stone Shaft Mining
37:18 Town Patrol
38:19 Cavalier
43:03 Paladin
45:15 Chain Mail Armor
45:20 Chain Barding Armor
44:56 Bodkin Arrow
45:35 Bow Saw
45:57 Crop Rotation
45:09 Long Swordsman
48:09 Elite Teutonic Knight
49:28 Plate Mail Armor
49:38 Plate Barding Armor
51:23 Two-Man Saw
52:38 Two-Handed Swordsman
52:40 Crossbowman
52:40 Elite Skirmisher
55:13 Plate Mail Armor
55:13 Ring Archer Armor
54:54 Forging
54:14 Heavy Scorpion
60:27 Caravan
60:57 Coinage
61:40 Chemistry
60:51 Fortified Wall
65:03 Iron Casting
65:00 Banking
64:40 Guilds
64:56 Bombard Tower
70:28 Blast Furnace
75:48 Hoardings
75:34 Ironclad
78:08 Guard Tower
79:45 Conscription
80:17 Gambesons
80:33 Squires
80:18 Arson
93:46 Crenellations
92:58 Sappers
104:03 Capped Ram
110:10 Onager
Connection lost

Rejoining the realm…

Still unreachable

The connection could not be restored.

Session expired

The server has moved on; the page needs a fresh start.